 Dungeon Crawl Stone Soup version 0.18-a0-68-g716538c (webtiles) character file.

209 Duffy the Chopper (level 6, -2/47 HPs)
             Began as a Formicid Berserker on Nov 11, 2015.
             Was a Believer of Trog.
             Slain by an adder (3 damage)
             ... on level 4 of the Dungeon.
             The game lasted 00:01:54 (1722 turns).

Duffy the Chopper (Formicid Berserker)              Turns: 1722, Time: 00:01:55

Health: -2/47      AC:  5    Str: 22    XL:     6   Next: 12%
Magic:  6/6        EV: 11    Int:  6    God:    Trog [**....]
Gold:   151        SH:  0    Dex: 12    Spells: 0 memorised, 5 levels left

rFire  . . .     SeeInvis +     a - +0 hand axe
rCold  . . .     Clarity  .     m - +0 ring mail
rNeg   . . .     SustAt   .     (no shield)
rPois  .         Gourm    .     (helmet unavailable)
rElec  .         Spirit   .     (no cloak)
rCorr  .         Warding  .     (no gloves)
rMut   .         Stasis   +     (no boots)
MR     .....                    (no amulet)
Stlth  +.........               (no ring)
                                (no ring)

@: not resistant to hostile enchantments, very unstealthy
A: permanent stasis, dig shafts and tunnels, four strong arms, antennae 3
a: Dig, Shaft Self, Trog's Hand, Burn Spellbooks, Renounce Religion


You were on level 4 of the Dungeon.
You worshipped Trog.
Trog was pleased with you.
You were hungry.

You visited 1 branch of the dungeon, and saw 5 of its levels.

You collected 151 gold pieces.


Innate Abilities, Weirdness & Mutations

You are under a permanent stasis effect.
You can dig through walls and to a lower floor.
Your four strong arms can wield two-handed weapons with a shield.
You have a pair of large antennae on your head (SInv).


   Skills:
 - Level 3.2 Fighting
 + Level 6.1 Axes
 - Level 2.4 Armour
 - Level 2.0 Dodging


You had 5 spell levels left.
You didn't know any spells.

Inventory:

Hand Weapons
 a - a +0 hand axe (weapon)
Missiles
 h - 21 poisoned needles
Armour
 b - a +0 animal skin
 d - a +0 leather armour
 m - a +0 ring mail (worn)
Scrolls
 g - a scroll of recharging {unknown}
 j - 2 scrolls of identify {unknown}
 k - a scroll of amnesia {unknown}
 l - a scroll of noise {unknown}
Potions
 e - a potion of beneficial mutation {unknown}
 f - a potion of lignification {unknown}
 n - 2 potions of resistance {unknown}
Comestibles
 c - a bread ration
 i - a meat ration

Dungeon Overview and Level Annotations

Branches:
Dungeon (5/15)
 Temple: D:4-7

Altars:


Message History

The orc wizard hits you but does no damage.
You bump into the rock wall.
The orc wizard hits you but does no damage.
You bump into the rock wall.
The orc wizard hits you but does no damage.
You're too confused to move!
The orc wizard hits you but does no damage.
You bump into the rock wall.
The orc wizard hits you with a dagger.
You bump into the rock wall.
You feel less confused.
The orc wizard mumbles some strange words.
The orc wizard flickers and vanishes for a moment.
You barely miss the orc wizard.
The orc wizard is severely wounded.
The orc wizard hits you but does no damage.
You hit the orc wizard.
The orc wizard is almost dead.
The orc wizard casts a spell at you. The puff of flame hits you!
You hit the orc wizard but do no damage.
The orc wizard is almost dead.
The orc wizard hits you but does no damage.
You hit the orc wizard.
You kill the orc wizard!
Trog accepts your kill.
Trog appreciates your killing of a magic user.
Your Axes skill increases to level 6!
You have reached level 6!
Your experience leads to an increase in your attributes!
Increase (S)trength, (I)ntelligence, or (D)exterity?
You feel agile.
You hit the adder.
The adder is moderately wounded.
The adder barely misses you. The adder bites you.
You die...

#####+###...#
#......##...#
{
#......##...#
+..(...'....#
#......####.#
###'#### .#
#.# ..
###.########.#
#@#{...o......
##S####.....
.. ### { .#. {
.


You could see an adder.

Action                   |  1- 3 |  4- 6 || total
-------------------------+-------+-------++-------
Melee: Hand axe          |   116 |    16 ||   132
 Abil: Dig               |       |     1 ||     1
  Eat: Chunk             |     2 |       ||     2

Notes
Turn   | Place    | Note
--------------------------------------------------------------
     0 | D:1      | Duffy the Formicid Berserker began the quest for the Orb.
     0 | D:1      | Reached XP level 1. HP: 18/18 MP: 1/1
   281 | D:1      | Reached skill level 2 in Dodging
   337 | D:1      | Reached XP level 2. HP: 24/24 MP: 2/2
   858 | D:1      | Reached XP level 3. HP: 24/29 MP: 3/3
  1148 | D:2      | Reached ** piety under Trog
  1378 | D:4      | Noticed Sigmund
  1412 | D:4      | Killed Sigmund
  1412 | D:4      | Reached skill level 5 in Axes
  1412 | D:4      | Reached XP level 4. HP: 8/35 MP: 4/4
  1412 | D:4      | Reached XP level 5. HP: 9/41 MP: 5/5
  1670 | D:5      | Entered Level 5 of the Dungeon
  1670 | D:5      | Noticed a centaur
  1721 | D:4      | Reached skill level 6 in Axes
  1721 | D:4      | Reached XP level 6. HP: 1/47 MP: 6/6
  1722 | D:4      | Slain by an adder

Vault maps used:
D:1:      dpeg_arrival_chambers_temple_mockup, kennysheep_another_room,
          corexii_item_surrounded_by_moat
D:2:      nicolae_overflow_crystal_walls, ecumenical_altar_2
D:3:      first_bread, kennysheep_jessica_study
D:4:      vehumet_statue, serial_glass, glass_columns_b, glass_columns_a,
          feat_on_display, feat_on_display, uniq_sigmund, uniq_blork_the_orc
D:5:      temple_statues, corexii_hall_statues_u, uniq_menkaure, uniq_edmund,
          uniq_pikel

Vanquished Creatures
  Sigmund
  An orc wizard
  A giant gecko
  An orc
  2 ball pythons
  5 giant cockroaches
  3 goblins
  3 hobgoblins
  7 bats
  3 kobolds
  A quokka
28 creatures vanquished.
